 Dungeon Sprint DCSS version 0.25.1-8-g42b30a86e7 (webtiles) character file.

Game seed: 4394419647698176795

1307 jbtxwes the Warrior (level 8, -8/97 HPs)
             Began as a Minotaur Fighter on Dec 10, 2020.
             Was a Priest of Makhleb.
             Mangled by a nine-headed hydra (10 damage)
             ... in the Dungeon (Sprint IX: "|||||||||||||||||||||||||||||").
             The game lasted 00:04:52 (1222 turns).

jbtxwes the Warrior (Minotaur Fighter)              Turns: 1222, Time: 00:04:53

Health: -8/97      AC: 10    Str: 29    XL:     8   Next: 32%
Magic:  7/7        EV:  8    Int:  5    God:    Makhleb [***...]
Gold:   0          SH: 10    Dex: 10    Spells: 7/7 levels left

rFire    . . .     SeeInvis .   p - +3 war axe (vorpal)
rCold    . . .     Gourm    .   c - +0 kite shield
rNeg     . . .     Faith    .   r - +1 chain mail
rPois    .         Spirit   .   (helmet restricted)
rElec    .         Reflect  .   (no cloak)
rCorr    .         Harm     .   (no gloves)
MR       .....     NoTele   +   (no boots)
Stlth    ..........             (no amulet)
HPRegen  0.26/turn              s - +3 ring of strength
MPRegen  0.10/turn              t - +3 ring of strength

@: mighty
A: retaliatory headbutt, horns 2
a: Minor Destruction, Lesser Servant of Makhleb, Renounce Religion


You were in the Dungeon.
You worshipped Makhleb.
Makhleb was most pleased with you.
You were hungry.

You visited 1 branch

Inventory:

Hand Weapons
 a - a +0 trident
 p - a +3 vorpal war axe (weapon)
Armour
 b - a +0 scale mail
 c - a +0 kite shield (worn)
 q - a +0 pair of boots
 r - a +1 chain mail (worn)
 y - a +1 ring mail of fire resistance
Jewellery
 s - a +3 ring of strength (left hand)
 t - a +3 ring of strength (right hand)
Wands
 o - a wand of acid (10)
Scrolls
 k - 3 scrolls of blinking
 m - 4 scrolls of remove curse
 n - 2 scrolls of amnesia
 v - 2 scrolls of identify
 w - a scroll of fear
 x - a scroll of fog
Potions
 e - 6 potions of curing
 f - a potion of brilliance
 g - 5 potions of heal wounds
 h - a potion of haste
 i - 4 potions of magic
 j - a potion of resistance
 l - a potion of invisibility
Comestibles
 u - a ration


   Skills:
 * Level 18.0 Fighting
 + Level 8.9(9.1) Axes
 - Level 2.4(6.1) Polearms
 - Level 3.6 Armour
 + Level 5.0 Dodging
 + Level 0.3 Stealth
 - Level 3.6 Shields


You had 7 spell levels left.
You didn't know any spells.
Your spell library was empty.

Dungeon Overview and Level Annotations

Branches:
Dungeon (1/1)

Altars:
Cheibriados
Dithmenos
Elyvilon
Fedhas
Gozag
Hepliaklqana
Kikubaaqudgha
Makhleb
Nemelex Xobeh
Okawaru
Qazlal
Ru
Sif Muna
Trog
Uskayaw
Vehumet
Wu Jian
Xom
Yredelemnul
Zin
The Shining One
Beogh
Jiyva
Lugonu


Innate Abilities, Weirdness & Mutations

You reflexively headbutt those who attack you in melee.
You have a pair of horns on your head.


Message History

The nine-headed hydra is almost dead.
The nine-headed hydra barely misses you.
You block the nine-headed hydra's attack. x2
The nine-headed hydra barely misses you.
The nine-headed hydra bites you.
* * * LOW HITPOINT WARNING * * *
The nine-headed hydra bites you but does no damage.
The nine-headed hydra bites you.
* * * LOW HITPOINT WARNING * * *
You block the nine-headed hydra's attack.
The nine-headed hydra bites you but does no damage.
The nine-headed hydra bites you!
* * * LOW HITPOINT WARNING * * *
You block the nine-headed hydra's attack.
The nine-headed hydra bites you.
* * * LOW HITPOINT WARNING * * *
You block the nine-headed hydra's attack.
The nine-headed hydra bites you but does no damage.
The nine-headed hydra bites you!
You die...

▓▓▓▓▓▓▓▓▓▓▓▓▓▓▓▓▓▓▓▓▓▓▓▓
...'..!.........@DSSHrHH
▓▓▓▓▓▓▓▓▓▓▓▓▓▓▓▓▓▓▓▓▓▓▓▓▓▓▓▓▓▓▓▓▓
.................................
▓▓▓▓▓▓▓▓▓▓▓▓▓▓▓▓▓▓▓▓▓▓▓▓▓▓▓▓▓▓▓▓▓
')....'.....'____________________
▓▓▓▓▓▓▓▓▓▓▓▓▓▓▓▓▓▓▓▓▓▓▓▓▓▓▓▓▓▓▓▓▓


You could see a nine-headed hydra, 3 hippogriffs, a black mamba, a water
moccasin and a porcupine.

Vanquished Creatures
  A cyclops (D)
  A basilisk (D)
  2 hungry ghosts (D)
  A phantom (D)
  A sky beast (D)
  An ogre (D)
  A necrophage (D)
  A centaur (D)
  A hound (D)
  An iguana (D)
  A worker ant (D)
  An adder (D)
  A shadow imp (D)
  2 ball pythons (D)
  A bat (D)
  A bat zombie (D)
  A goblin (D)
  A quokka (D)
  A frilled lizard (D)
  A leopard gecko zombie (D)
22 creatures vanquished.

Notes
Turn   | Place    | Note
-------+----------+-------------------------------------------
     0 | D        | jbtxwes the Minotaur Fighter began the quest for the Orb.
     0 | D        | Reached XP level 1. HP: 19/19 MP: 0/0
     4 | D        | Reached skill level 4 in Fighting
     8 | D        | Reached skill level 5 in Fighting
   119 | D        | Noticed a worker ant
   119 | D        | Noticed a hound
   125 | D        | Killed a worker ant
   125 | D        | Reached skill level 8 in Fighting
   125 | D        | Reached XP level 2. HP: 25/35 MP: 1/1
   125 | D        | Reached XP level 3. HP: 29/40 MP: 2/2
   139 | D        | Reached skill level 9 in Fighting
   148 | D        | Reached skill level 1 in Dodging
   148 | D        | Reached XP level 4. HP: 12/51 MP: 3/3
   151 | D        | Reached skill level 10 in Fighting
   382 | D        | Found a roughly hewn altar of Beogh.
   382 | D        | Found a snail-covered altar of Cheibriados.
   382 | D        | Found a shadowy altar of Dithmenos.
   382 | D        | Found a white marble altar of Elyvilon.
   382 | D        | Found a blossoming altar of Fedhas.
   382 | D        | Found an opulent altar of Gozag.
   383 | D        | Found a hazy altar of Hepliaklqana.
   384 | D        | Found a viscous altar of Jiyva.
   385 | D        | Found an ancient bone altar of Kikubaaqudgha.
   386 | D        | Found a corrupted altar of Lugonu.
   387 | D        | Found a burning altar of Makhleb.
   388 | D        | Found a sparkling altar of Nemelex Xobeh.
   389 | D        | Found an iron altar of Okawaru.
   390 | D        | Found a stormy altar of Qazlal.
   391 | D        | Found a sacrificial altar of Ru.
   392 | D        | Found a shimmering blue altar of Sif Muna.
   393 | D        | Found a bloodstained altar of Trog.
   394 | D        | Found a hide-covered altar of Uskayaw.
   395 | D        | Found a radiant altar of Vehumet.
   397 | D        | Became a worshipper of Makhleb the Destroyer
   399 | D        | Found an ornate altar of the Wu Jian Council.
   400 | D        | Found a shimmering altar of Xom.
   401 | D        | Found a basalt altar of Yredelemnul.
   402 | D        | Found a glowing silver altar of Zin.
   403 | D        | Found a glowing golden altar of the Shining One.
   457 | D        | Noticed a hungry ghost
   457 | D        | Noticed a sky beast
   457 | D        | Noticed a necrophage
   457 | D        | Noticed a phantom
   457 | D        | Noticed a centaur
   467 | D        | Killed a hungry ghost
   467 | D        | Reached skill level 13 in Fighting
   467 | D        | Reached XP level 5. HP: 61/64 MP: 4/4
   479 | D        | Killed a sky beast
   479 | D        | Reached * piety under Makhleb
   479 | D        | Reached skill level 14 in Fighting
   479 | D        | Reached XP level 6. HP: 38/74 MP: 5/5
   480 | D        | Reached skill level 15 in Fighting
   499 | D        | Paralysed by fainting for 5 turns
   509 | D        | Reached ** piety under Makhleb
   509 | D        | Reached skill level 5 in Axes
   509 | D        | Reached XP level 7. HP: 31/84 MP: 6/6
   836 | D        | Noticed a hungry ghost
   836 | D        | Noticed a basilisk
   836 | D        | Noticed a cyclops
   847 | D        | Killed a hungry ghost
   847 | D        | Reached skill level 16 in Fighting
   862 | D        | Killed a basilisk
   862 | D        | Reached skill level 17 in Fighting
   871 | D        | Reached *** piety under Makhleb
   879 | D        | Killed a cyclops
   879 | D        | Reached skill level 18 in Fighting
   879 | D        | Reached skill level 5 in Dodging
   879 | D        | Reached XP level 8. HP: 52/97 MP: 7/7
   914 | D        | Paralysed by fainting for 8 turns
   941 | D        | Paralysed by fainting for 8 turns
  1218 | D        | Noticed a six-headed hydra
  1218 | D        | Noticed a black mamba
  1218 | D        | Noticed a hippogriff
  1218 | D        | Noticed a hippogriff
  1220 | D        | Noticed a hippogriff
  1222 | D        | HP: 2/97 [nine-headed hydra (4)]
  1222 | D        | Mangled by a nine-headed hydra

Illustrated notes

Levels and vault maps discovered:
D:        linesprint [early_d, line_temple, items_1, d_10, items_2, lair_1,
          lair_end, items_3, orc_1, orc_end, items_4, d_15, swamp_1, shoals_1,
          snake_1, spider_1, d_20, vaults_1, items_5, swamp_end, shoals_end,
          snake_end, spider_end, vaults_end, d_27, items_6, zot_1, zot_end,
          crypt_end, forest_end, elf_end, slime_end, tomb_end, abyss_end,
          pan_hell_end]

Skill      XL: |  1  2  3  4  5  6  7 |
---------------+----------------------+-----
Fighting       | 8 9 13 14 15 18 | 18.0
Dodging        | 1 2 3 4 5 |  5.0
Axes           | 2 3 5 8 |  8.9
Polearms       | |  2.4
Armour         | |  3.6
Stealth        | |  0.3
Shields        | |  3.6

Action                   |  1- 3 |  4- 6 |  7- 9 || total
-------------------------+-------+-------+-------++-------
Melee: Trident           |    38 |     3 |       ||    41
       Headbutt          |     5 |     7 |     8 ||    20
       War axe           |       |    34 |    29 ||    63
  Use: Potion            |       |       |     2 ||     2
  Eat: Ration            |       |       |     1 ||     1
       Chunk             |       |       |     3 ||     3
Armor: Scale mail        |    13 |       |       ||    13
       Chain mail        |       |    14 |    24 ||    38
Dodge: Dodged            |    11 |     7 |    14 ||    32
Block: Kite shield       |    18 |    14 |    18 ||    50
